 Dungeon Crawl Stone Soup version 0.28.0-62-gf88900778d (webtiles) character file.

Game seed: 9084772901090279870

303 cbfl8 the Poker (level 6, 0/49 HPs)
             Began as a Merfolk Berserker on Sept 12, 2023.
             Was a Believer of Trog.
             Killed from afar by a steam dragon (4 damage)
             ... with a ball of steam
             ... on level 6 of the Dungeon.
             The game lasted 00:01:41 (2026 turns).

cbfl8 the Poker (Merfolk Berserker)                 Turns: 2026, Time: 00:01:41

Health: 0/49       AC:  5    Str: 17    XL:     6   Next: 38%
Magic:  6/6        EV: 11    Int:  7    God:    Trog [**....]
Gold:   212        SH:  0    Dex: 15    Spells: 5/5 levels left

rFire   + . .      SeeInvis .   b - +0 halberd
rCold   + . .      Faith    .   (shield currently unavailable)
rNeg    . . .      Spirit   .   i - +0 ring mail
rPois   +          Reflect  .   (no helmet)
rElec   +          Harm     .   (no cloak)
rCorr   +          Rampage  .   (no gloves)
Will    .....                   (no boots)
Stlth   +.........              (no amulet)
HPRegen 0.16/turn               (no ring)
MPRegen 0.10/turn               (no ring)

@: resistant, on berserk cooldown, slowed, very slow
A: (nimble swimmer 2), mertail
a: Renounce Religion, Berserk, Trog's Hand


You were on level 6 of the Dungeon.
You worshipped Trog.
Trog was pleased with you.
You visited 1 branch of the dungeon, and saw 4 of its levels.

You collected 212 gold pieces.

Inventory:

Hand Weapons
 a - a +0 spear
 b - a +0 halberd (weapon)
Armour
 i - a +0 ring mail (worn)
Scrolls
 d - a scroll of amnesia
 e - a scroll of teleportation
 f - a scroll of fear {unknown}
 h - 2 scrolls of identify {unknown}
 j - a scroll of enchant weapon {unknown}
 k - a scroll of holy word {unknown}
Potions
 c - a potion of resistance
 g - a potion of curing {unknown}
 l - a potion of berserk rage {unknown}


   Skills:
 + Level 4.7 Fighting
 + Level 7.4 Polearms
 + Level 2.1 Armour
 - Level 2.6 Dodging
 * Level 2.4 Evocations


You had 5 spell levels left.
You didn't know any spells.
Your spell library was empty.

Dungeon Overview and Level Annotations

Branches:
Dungeon (3/15)

Altars:
Nemelex Xobeh


Innate Abilities, Weirdness & Mutations

((You are very nimble when in or above water. (Stealth+, EV+, Speed+++)))
Your lower body shifts to a powerful aquatic tail in water.


Message History

The centaur skeleton kicks you but does no damage.
The adder bites you but does no damage. The steam dragon closely misses you.
The steam dragon claws you.
You barely miss the steam dragon.
The steam dragon is heavily wounded.
The centaur skeleton closely misses you. x2
The adder misses you. The centaur skeleton hits you.
The centaur skeleton kicks you but does no damage.
The steam dragon breathes steam at you. The ball of steam hits you!!
* * * LOW HITPOINT WARNING * * *
The adder bites you but does no damage.
As you read the scroll labelled SUFUXATEETO, it crumbles to dust.
It is a scroll of amnesia.
You feel forgetful for a moment.
The centaur skeleton is engulfed in a cloud of scalding steam.
The centaur skeleton hits you but does no damage.
The centaur skeleton barely misses you. The steam dragon misses you.
The steam dragon claws you.
* * * LOW HITPOINT WARNING * * *
The adder is engulfed in a cloud of scalding steam.
The adder bites you.
* * * LOW HITPOINT WARNING * * *
The centaur skeleton is engulfed in a cloud of scalding steam.
The centaur skeleton hits you but does no damage.
The centaur skeleton barely misses you. The steam dragon barely misses you.
The steam dragon claws you but does no damage.
The adder is engulfed in a cloud of scalding steam.
The adder bites you but does no damage.
It was a potion of resistance.
You feel protected.
The centaur skeleton is engulfed in a cloud of scalding steam.
The centaur skeleton hits you.
* * * LOW HITPOINT WARNING * * *
The centaur skeleton barely misses you.
The adder is engulfed in a cloud of scalding steam.
The adder dies!
The steam dragon breathes steam at you. The ball of steam hits you. You resist.
You die...

..............
......!......
#...........#
##...........
#.§.§......#
$.#.§.<......
....§§..§.####.....
#Z@§.........#
#.#§D###......#
#.#.#.######...#
#=#.##..#.......#
#?8)# #..(.##..#
#.#(# #..<....#
.#.# #..#...### .#
#.)###....# #..##
#...##


You could see a steam dragon (catching breath) and a centaur skeleton.

Vanquished Creatures
  A necrophage (D:6)
  A scorpion (D:6)
  A gnoll shaman (D:6)
  4 gnolls (D:2)
  6 adders
  A dart slug (D:1)
  4 endoplasms (D:1)
  2 giant cockroaches (D:1)
  2 hobgoblins
  3 ball pythons
  3 bats
  3 frilled lizards (D:1)
  4 goblins
  A kobold (D:1)
  2 rats (D:1)
38 creatures vanquished.

Vanquished Creatures (others)
  An adder (D:6)
1 creature vanquished.

Grand Total: 39 creatures vanquished

Notes
Turn   | Place    | Note
-------+----------+-------------------------------------------
     0 | D:1      | cbfl8 the Merfolk Berserker began the quest for the Orb.
     0 | D:1      | Reached XP level 1. HP: 18/18 MP: 1/1
   195 | D:1      | Reached XP level 2. HP: 24/24 MP: 2/2
   596 | D:1      | Reached skill level 5 in Polearms
  1069 | D:2      | Reached ** piety under Trog
  1070 | D:2      | Reached XP level 3. HP: 29/30 MP: 3/3
  1167 | D:2      | Reached skill level 1 in Evocations
  1175 | D:2      | Reached XP level 4. HP: 37/37 MP: 4/4
  1639 | D:2      | Found a faded altar of an unknown god.
  1726 | D:3      | Found a sparkling altar of Nemelex Xobeh.
  1733 | D:3      | Reached skill level 6 in Polearms
  1892 | D:3      | Reached XP level 5. HP: 34/42 MP: 5/5
  1970 | D:3      | You fall into a shaft and drop 3 floors!
  1982 | D:6      | Noticed an orc warrior
  1983 | D:6      | Noticed an ogre
  2003 | D:6      | Noticed a necrophage
  2012 | D:6      | Noticed a steam dragon
  2019 | D:6      | Killed a necrophage
  2020 | D:6      | Reached skill level 7 in Polearms
  2020 | D:6      | Reached XP level 6. HP: 49/49 MP: 6/6
  2026 | D:6      | Killed from afar by a steam dragon

Illustrated notes

Levels and vault maps discovered:
D:1:      lightli_arrival_maybe_door_vault, layout_rooms,
          grunt_decor_one_mirror, minmay_pentomino_w2
D:2:      layout_basic, hellmonk_ecumenical_altar_inner_sanctum
D:3:      layout_loops_ring, nicolae_overflow_crystal_walls,
          hangedman_decor_opposing, minmay_checkerbox
D:6:      minmay_cornered_nines, layout_cave_pools,
          nicolae_ossuary_entry_monument, minivault_27, minmay_circle_x,
          uniq_crazy_yiuf_cottage

Skill      XL: |  1  2  3  4  5 |
---------------+----------------+-----
Polearms       | 5 6 7 |  7.4
Evocations     | 1 2 |  2.4
Fighting       | 4 |  4.7
Armour         | 2 |  2.1
Dodging        | |  2.6

Action                   |  1- 3 |  4- 6 || total
-------------------------+-------+-------++-------
Melee: Spear             |    80 |     3 ||    83
       Halberd           |       |    49 ||    49
Invok: Berserk           |     1 |     1 ||     2
  Use: Scroll            |       |     3 ||     3
       Potion            |       |     1 ||     1
Armor: Animal skin       |     8 |       ||     8
       Ring mail         |     4 |    40 ||    44
Dodge: Dodged            |    41 |    40 ||    81
